 Dungeon Crawl Stone Soup version 0.31-a0-237-g2d982f9f85 (webtiles) character file.

Game seed: 6753713710207718314

84 qw the Shooter (level 4, -3/26 HPs)
             Began as a Gargoyle Hexslinger on July 11, 2023.
             Slain by a gnoll
             ... wielding a +0 whip
              (6 damage)
             ... on level 2 of the Dungeon.
             The game lasted 00:00:31 (1254 turns).

qw the Shooter (Gargoyle Hexslinger)                Turns: 1254, Time: 00:00:31

Health: -3/26      AC:  9    Str: 12    XL:     4   Next: 45%
Magic:  5/5        EV: 10    Int: 13    God:
Gold:   103        SH:  0    Dex: 14    Spells: 4/5 levels left

rFire   . . .        Y - +1 sling
rCold   . . .        (no shield)
rNeg    + . .        d - +0 ring mail
rPois   inf          (no helmet)
rElec   +            (no cloak)
rCorr   .            h - +0 pair of gloves
SInv    .            (no boots)
Will    .....        (no amulet)
Stlth   +            (no ring)
HPRegen 0.24/turn    (no ring)
MPRegen 0.09/turn

%: no passive effects
@: no status effects
A: sickness immunity, AC +3, negative energy resistance 1, electricity
resistance, torment resistance 1, petrification resistance
a: no special abilities


You were on level 2 of the Dungeon.
You visited 1 branch of the dungeon, and saw 2 of its levels.

You collected 103 gold pieces.


Innate Abilities, Weirdness & Mutations

You are immune to sickness and miasma.
Your stone body is resilient. (AC +3)
You are immune to poison.
You resist negative energy. (rN+)
You are resistant to electric shocks. (rElec)
You are resistant to unholy torment.
You are immune to petrification.


   Skills:
 - Level 2.0 Fighting
 + Level 4.1 Ranged Weapons
 - Level 1.0 Armour
 - Level 1.5 Dodging
 - Level 1.0 Spellcasting
 - Level 2.6 Hexes


You had 4 spell levels left.
You knew the following spells:

 Your Spells              Type           Power      Damage    Failure   Level
a - Slow                  Hex            28%        N/A       22%         1

Your spell library contained the following spells:

 Spells                   Type           Power      Damage    Failure   Level
 Inner Flame              Hex/Fire       4%         N/A       73%         3
 Portal Projectile        Hex/Tloc       8%         N/A       73%         3
 Cause Fear               Hex            3%         N/A       91%         4

Inventory:

Hand Weapons
 Y - a +1 sling (weapon)
Armour
 c - a scarf of invisibility
 d - a +0 ring mail (worn)
 h - a +0 pair of gloves (worn)
Scrolls
 a - a scroll of enchant weapon {unknown}
 f - a scroll of amnesia {unknown}
Potions
 b - 2 potions of might {unknown}
 e - a potion of heal wounds {unknown}
 g - a potion of degeneration {unknown}
 i - a potion of curing {unknown}

Dungeon Overview and Level Annotations

Branches:
Dungeon (2/15)

Altars:


Message History

You shoot a sling bullet. The sling bullet hits the gnoll.
The gnoll is almost dead.
The gnoll closely misses you. The frilled lizard bites you.
The gnoll hits you with a +0 whip.
You shoot a sling bullet.
The sling bullet completely misses the gnoll.
The gnoll closely misses you. The frilled lizard barely misses you.
The gnoll completely misses you.
You shoot a sling bullet. The sling bullet hits the gnoll.
You kill the gnoll!
The gnoll hits you but does no damage.
The frilled lizard hisses.
The frilled lizard bites you but does no damage.
The gnoll hits you but does no damage.
The frilled lizard bites you but does no damage.
Your Ranged Weapons skill increases to level 4!
You shoot a sling bullet.
The sling bullet barely misses the gnoll.
The gnoll barely misses you. The frilled lizard barely misses you.
You shoot a sling bullet.
The sling bullet barely misses the gnoll.
The gnoll hits you with a +0 whip. The frilled lizard closely misses you.
You shoot a sling bullet. The sling bullet hits the gnoll.
The gnoll is moderately wounded.
The gnoll hits you but does no damage. The frilled lizard barely misses you.
The gnoll closely misses you. The frilled lizard bites you.
You shoot a sling bullet.
The sling bullet hits the gnoll but does no damage.
The gnoll is moderately wounded.
The gnoll closely misses you.
The frilled lizard bites you but does no damage.
You shoot a sling bullet. The sling bullet hits the gnoll.
The gnoll is heavily wounded.
The gnoll hits you but does no damage. The frilled lizard barely misses you.
You shoot a sling bullet. The sling bullet hits the gnoll.
The gnoll is heavily wounded.
The gnoll hits you but does no damage.
The frilled lizard bites you but does no damage.
The gnoll hits you with a +0 whip.
You die...

......### ##. .#
#. #.# ......#
#... ## # #.#
......# #... ###
#.# ......# #....
#.. #.# #######
#....##.##### #.#
#........... #.#
###.......# #.#
......lg).# #.#
#@# #.# #.# #.#
#.#######.# #.#
#.........# #.#
#..######## #.#
#..# #.#
#..#############.#
#................#
#.################


You could see a gnoll and a frilled lizard.

Vanquished Creatures
  3 gnolls (D:2)
  A worm (D:2)
  2 dart slugs
  2 endoplasms (D:2)
  10 giant cockroaches (D:2)
  A goblin (D:2)
  3 hobgoblins (D:1)
  6 jackals
  4 kobolds
  2 quokkas
  2 ball pythons (D:1)
  A bat (D:2)
  2 frilled lizards
  3 rats
42 creatures vanquished.

Notes
Turn   | Place    | Note
-------+----------+-------------------------------------------
     0 | D:1      | qw the Gargoyle Hexslinger began the quest for the Orb.
     0 | D:1      | Reached XP level 1. HP: 12/12 MP: 2/2
     0 | D:1      | 0 ||| qw: Version: 0.3-a-52-g30416fa
     0 | D:1      | 0 ||| qw: Game counter: 5560
     0 | D:1      | 0 ||| qw: Melee chars always use a shield: true
     0 | D:1      | 0 ||| qw: God list: Okawaru
     0 | D:1      | 0 ||| qw: Allow faded altars: false
     0 | D:1      | 0 ||| qw: Do Orc after clearing Dungeon:15 true
     0 | D:1      | 0 ||| qw: Do second Lair branch before Depths: true
     0 | D:1      | 0 ||| qw: Lair rune preference: random
     0 | D:1      | 0 ||| qw: Goals: Normal
     0 | D:1      | 0 ||| PLANNING D:1-11
   323 | D:1      | Reached XP level 2. HP: 16/16 MP: 3/3
   602 | D:1      | Reached skill level 3 in Ranged Weapons
   720 | D:1      | 720 ||| UPGRADING to +0 ring mail.
   730 | D:1      | 730 ||| DROPPING +0 robe.
   731 | D:1      | 731 ||| UPGRADING to +0 pair of gloves.
   736 | D:1      | 736 ||| READING 2 scrolls labelled DOB KULEINENK.
   741 | D:1      | 741 ||| DROPPING scroll of poison.
   821 | D:2      | Reached XP level 3. HP: 17/21 MP: 4/4
   895 | D:2      | Reached skill level 1 in Armour
   904 | D:2      | HP: 5/21 [worm (6)]
   905 | D:2      | 905 ||| READING scroll of teleportation.
  1236 | D:2      | Reached XP level 4. HP: 26/26 MP: 5/5
  1245 | D:2      | HP: 6/26 [frilled lizard (1)]
  1249 | D:2      | Reached skill level 4 in Ranged Weapons
  1250 | D:2      | HP: 4/26 [gnoll/+0 whip (1)]
  1254 | D:2      | Slain by a gnoll

Levels and vault maps discovered:
D:1:      lightli_arrival_quake, layout_basic, serial_bayou_pond_c,
          serial_park_tiny_pond
D:2:      minmay_roachtagon, layout_basic

Skill      XL: |  1  2  3  4 |
---------------+-------------+-----
Ranged Weapons | 3 4 |  4.1
Fighting       | 2 |  2.0
Armour         | 1 |  1.0
Dodging        | |  1.5
Spellcasting   | |  1.0
Hexes          | |  2.6

Action                     |  1- 3 |  4- 6 || total
---------------------------+-------+-------++-------
   Fire: Sling             |   135 |    19 ||   154
    Use: Scroll            |     2 |       ||     2
 Armour: Robe              |     4 |       ||     4
         Ring mail         |    35 |    17 ||    52
  Dodge: Dodged            |    55 |    26 ||    81

Table legend:
 A = Non-vault XP
 B = Vault XP
 C = Vault XP percentage of total XP
 D = Non-vault monster count
 E = Vault monster count
 F = Vault count percentage of total count
                 A         B        C        D         E       F
            +---------+---------+-------+---------+---------+-------
      Total |     102 |      18 |  15.0 |      33 |       9 |  21.4
            +---------+---------+-------+---------+---------+-------
        D:1 |      26 |       0 |   0.0 |      14 |       0 |   0.0
        D:2 |      76 |      18 |  19.1 |      19 |       9 |  32.1
            +---------+---------+-------+---------+---------+-------
